 Dungeon Crawl Stone Soup version 0.19-a0-1058-g5566a1a (webtiles) character file.

68212 Ogrebattle the Warrior (level 15, -9/174 HPs)
             Began as an Ogre Berserker on Aug 2, 2016.
             Was the Champion of Trog.
             Killed from afar by an orc sorcerer (32 damage)
             ... with a bolt of negative energy
             ... on level 2 of the Orcish Mines.
             The game lasted 01:14:32 (24234 turns).

Ogrebattle the Warrior (Ogre Berserker)            Turns: 24234, Time: 01:14:33

Health: -9/174     AC: 11    Str: 26    XL:     15   Next: 25%
Magic:  17/18      EV: 18    Int:  6    God:    Trog [******]
Gold:   1921       SH:  0    Dex: 19    Spells: 0 memorised, 14 levels left

rFire  . . .     SeeInvis +     u - +2 demon whip (vamp)
rCold  . . .     Gourm    .     S - +0 troll leather armour
rNeg   . . .     Faith    .     (no shield)
rPois  .         Spirit   .     T - +2 hat {MR+}
rElec  .         Dismiss  .     r - +2 cloak
rCorr  .         Reflect  .     (gloves unavailable)
SustAt .         Harm     .     (boots unavailable)
MR     ++...                    (no amulet)
Stlth  ++........               n - ring of see invisible
                                b - +5 ring of dexterity

@: lethally poisoned (-9 -> -9), drained, very resistant to hostile
enchantments, unstealthy
A: unfitting armour, tough skin 1
a: Berserk, Trog's Hand, Brothers in Arms, Burn Spellbooks, Renounce Religion


You were on level 2 of the Orcish Mines.
You worshipped Trog.
Trog was exalted by your worship.
You were not hungry.

You visited 3 branches of the dungeon, and saw 20 of its levels.

You collected 2046 gold pieces.
You spent 125 gold pieces at shops.

Inventory:

Hand Weapons
 g - a +6 antimagic giant club
 u - a +2 vampiric demon whip (weapon)
Missiles
 a - a throwing net
 E - 5 javelins (quivered)
 N - 2 javelins of returning
 V - 10 large rocks
Armour
 r - a +2 cloak (worn)
 S - a +0 troll leather armour (worn)
 T - a +2 hat of magic resistance (worn)
Jewellery
 b - a +5 ring of dexterity (left hand)
 n - a ring of see invisible (right hand)
 q - an uncursed ring of fire {unknown}
 D - an uncursed ring of protection from cold
Wands
 h - a wand of acid (11/15)
 A - a wand of disintegration (5/24)
 B - a wand of teleportation (7/9)
 Q - a wand of flame (10/48)
Scrolls
 e - 2 scrolls of fog
 i - 8 scrolls of remove curse
 j - 2 scrolls of teleportation
 l - 2 scrolls of identify
 z - 2 scrolls of magic mapping
 P - 3 scrolls of recharging
 Z - a scroll of fear
Potions
 d - a potion of ambrosia {unknown}
 f - 2 potions of cancellation
 k - 4 potions of agility
 m - 6 potions of might
 s - a potion of berserk rage {unknown}
 t - 6 potions of curing
 C - a potion of heal wounds
 J - 3 potions of flight
 K - a potion of lignification
 M - 2 potions of haste
Books
 o - a book of Ice

   Spells                             Type                      Level
   a - Ice Form                       Ice/Transmutation            4
   b - Metabolic Englaciation         Hexes/Ice                    5
   c - Ozocubu's Refrigeration        Ice                          6
   d - Bolt of Cold                   Conjuration/Ice              6
   e - Freezing Cloud                 Conjuration/Ice/Air          6
   f - Simulacrum                     Ice/Necromancy               6
   Trog disapproves of the use of such an item.
Miscellaneous
 v - a box of beasts
Comestibles
 c - 13 bread rations
 p - 5 chunks of flesh
 w - 13 meat rations
 L - 7 slices of pizza


   Skills:
 - Level 17.0(15.7) Fighting
 - Level 15.1(13.9) Maces & Flails
 - Level 10.1(9.0) Throwing
 - Level 8.0(7.0) Armour
 - Level 12.5(11.3) Dodging
 + Level 4.1(3.2) Evocations


You had 14 spell levels left.
You didn't know any spells.

Dungeon Overview and Level Annotations

Branches:
Dungeon (12/15)            Temple (0/1) D:4            Lair (6/6) D:11
 Shoals (0/4) Lair:4        Snake (0/4) Lair:2        Slime (0/5) Lair:6
    Orc (2/2) D:12            Elf (0/3) Orc:2

Altars:
Ashenzari
Dithmenos
Elyvilon
Gozag
Kikubaaqudgha
Okawaru
Pakellas
Ru
Trog
Uskayaw
Vehumet
Xom
Zin
The Shining One
Jiyva

Shops:
D:4 *   D:11 !   Orc:2 *:?


Innate Abilities, Weirdness & Mutations

You are too large for most types of armour.
You have tough skin. (AC +1)


Message History

* * * LOW HITPOINT WARNING * * *
The orc sorcerer hits you but does no damage.
You feel sick. The orc wizard completely misses you.
The orc sorcerer misses you.
The red devil hits you from afar with a demon trident of electrocution!
* * * LOW HITPOINT WARNING * * *
You are electrocuted!
* * * LOW HITPOINT WARNING * * *
The orc wizard gestures at you while chanting.
The puff of frost hits you!
* * * LOW HITPOINT WARNING * * *
The orc barely misses you.
An orc wizard comes into view. It is wielding a dagger.
Items here: )) [[ a dagger; an embroidered robe; a dagger; an embroidered robe You feel much better.
The sun demon misses you. The orc wizard closely misses you.
The orc sorcerer casts a spell at you. The bolt of negative energy hits you!
You feel drained.
You die...

#≈≈§≈...)).............
#≈≈§§...†§§.......§....
#≈§§§..§§§≈≈≈≈≈≈≈§≈§§≈≈
#≈≈§§..≈###############
##≈....≈# ≈.8..∩.
#≈..8..# ≈......
#≈.....# ≈......
#≈#'#'###...#
###...o3@..≈#
#.....ooo.≈≈≈≈≈
#§§8....4.......
#§§#............
#≈≈#_.....###''o ##
###8..## .. ...## .
§≈§##


You could see a sun demon, 2 orc sorcerers, a red devil, 2 orc wizards and an
orc.

Vanquished Creatures
  An orc warlord (D:12)
  An ettin (D:12)
  Harold (Orc:1)
  7 hydras
  Erolcha (D:11)
  A centaur warrior (D:11)
  4 catoblepae (Lair:6)
  13 death yaks
  A flayed ghost (D:8)
  A lindwurm (Lair:4)
  2 hill giants
  Pikel (D:4)
  6 oklob plants (Lair:5)
  3 griffons
  6 orc sorcerers
  2 deep elf magi (D:9)
  2 cyclopes (D:12)
  3 black mambas
  8 elephants
  4 centaur zombies
  A torpor snail (Lair:5)
  A gargoyle (D:12)
  8 spiny frogs
  An efreet (D:8)
  4 komodo dragons
  A troll (D:11)
  6 slime creatures
  A meliai zombie (D:11)
  26 blink frogs
  A wraith (D:12)
  A wyvern (D:12)
  31 yaks
  3 basilisks
  10 hippogriffs
  A hungry ghost (D:10)
  4 wargs
  Menkaure (D:6)
  2 steam dragons
  11 vampire mosquitoes
  2 insubstantial wisps (Lair:4)
  3 nagas (Lair:2)
  14 water moccasins
  12 porcupines
  6 ice beasts
  3 phantoms
  2 sky beasts
  17 orc warriors
  A necrophage (D:11)
  14 ogres
  A swamp drake (D:9)
  3 centaurs
  6 crocodiles
  10 wolves
  Blork the orc (D:4)
  5 big kobolds
  16 giant frogs
  A water moccasin zombie (D:8)
  4 scorpions
  8 killer bees
  A wyvern skeleton (D:11)
  13 wights
  5 howler monkeys
  An electric eel (Lair:1)
  5 crimson imps
  2 giant frog zombies
  A quasit (D:11)
  A centaur skeleton (D:7)
  8 hounds
  10 orc priests
  28 orc wizards
  A wasp zombie (D:11)
  9 iguanas
  3 jellies
  4 giant frog skeletons
  An iron imp (D:9)
  4 worker ants
  Natasha (thrice) (D:2)
  9 sheep
  3 hound skeletons
  A howler monkey zombie (D:5)
  3 worker ant zombies
  13 gnolls
  68 river rats
  17 adders
  2 shadow imps
  A white imp (D:9)
  2 oozes (D:1)
  2 adder skeletons
  3 worms
  5 dart slugs
  7 giant geckos
  61 orcs
  9 giant cockroaches
  5 goblins
  9 hobgoblins
  11 jackals
  5 quokkas
  A ball python (D:4)
  10 bats
  A giant gecko zombie (D:5)
  6 giant newts
  10 kobolds
  2 quokka skeletons
  A quokka zombie (D:5)
  3 rats
  A plant (Lair:4)
682 creatures vanquished.

Vanquished Creatures (collateral kills)
  A troll (D:11)
1 creature vanquished.

Vanquished Creatures (others)
  A wight (D:7)
  A howler monkey zombie (D:7)
  A gnoll (D:7)
  10 fungi
  8 plants
21 creatures vanquished.

Grand Total: 704 creatures vanquished

Notes
Turn   | Place    | Note
-------+----------+-------------------------------------------
     0 | D:1      | Ogrebattle the Ogre Berserker began the quest for the Orb.
     0 | D:1      | Reached XP level 1. HP: 24/24 MP: 1/1
   353 | D:1      | Reached XP level 2. HP: 30/32 MP: 2/2
   540 | D:1      | Reached XP level 3. HP: 34/40 MP: 3/3
   576 | D:1      | Reached ** piety under Trog
   719 | D:1      | Reached skill level 5 in Maces & Flails
   933 | D:2      | Reached skill level 5 in Fighting
  1050 | D:2      | Reached XP level 4. HP: 50/50 MP: 4/4
  1455 | D:2      | Noticed Natasha
  1468 | D:2      | Killed Natasha
  1468 | D:2      | Reached XP level 5. HP: 46/59 MP: 5/5
  1508 | D:2      | Found a sacrificial altar of Ru.
  1541 | D:2      | Noticed Natasha
  1553 | D:2      | Killed Natasha
  1553 | D:2      | Reached skill level 6 in Fighting
  1603 | D:2      | Noticed Natasha
  1609 | D:2      | Killed Natasha
  2248 | D:3      | Reached *** piety under Trog
  2250 | D:3      | Reached XP level 6. HP: 68/68 MP: 6/6
  2341 | D:3      | Reached skill level 7 in Fighting
  2788 | D:4      | Found Gozag's Platinum Reserve.
  2914 | D:4      | Noticed a slave
  2915 | D:4      | Noticed Pikel
  2917 | D:4      | Noticed a slave
  2917 | D:4      | Noticed a slave
  2918 | D:4      | Noticed a slave
  2942 | D:4      | Killed Pikel
  2942 | D:4      | Reached skill level 8 in Fighting
  2942 | D:4      | Reached XP level 7. HP: 81/81 MP: 7/7
  2976 | D:4      | Found an iron altar of Okawaru.
  3027 | D:4      | Noticed Blork the orc
  3034 | D:4      | Killed Blork the orc
  3034 | D:4      | Reached skill level 9 in Fighting
  3034 | D:4      | Reached XP level 8. HP: 92/92 MP: 8/8
  3110 | D:4      | Found an opulent altar of Gozag.
  3699 | D:4      | Found a staircase to the Ecumenical Temple.
  3999 | D:5      | Entered Level 5 of the Dungeon
  4060 | D:5      | Found a shimmering altar of Xom.
  4337 | D:5      | Reached skill level 10 in Fighting
  4337 | D:5      | Reached skill level 10 in Maces & Flails
  5019 | D:6      | Found a shadowy altar of Dithmenos.
  5083 | D:6      | Reached XP level 9. HP: 102/102 MP: 9/9
  5084 | D:6      | Found a bloodstained altar of Trog.
  5257 | D:6      | Reached **** piety under Trog
  5494 | D:7      | Noticed Menkaure
  5550 | D:6      | Killed Menkaure
  5550 | D:6      | Reached skill level 11 in Fighting
  6277 | D:7      | Reached skill level 12 in Fighting
  6736 | D:7      | Got a crude ivory amulet
  6749 | D:7      | Found a glowing golden altar of the Shining One.
  7054 | D:8      | Found an oddly glowing altar of Pakellas.
  7131 | D:8      | Found a hide-covered altar of Uskayaw.
  7133 | D:8      | Reached XP level 10. HP: 87/118 MP: 10/10
  7140 | D:8      | Reached skill level 1 in Armour
  7431 | D:8      | Found a white marble altar of Elyvilon.
  7431 | D:8      | Found a bloodstained altar of Trog.
  7438 | D:8      | Noticed a flayed ghost
  7484 | D:8      | Reached skill level 5 in Dodging
  7528 | D:8      | Identified Sif Muna's Catalogue of the Shifting Volcanoes
  7530 | D:8      | Noticed an eight-headed hydra
  7547 | D:8      | Killed a flayed ghost
  7551 | D:8      | Killed an eight-headed hydra
  8208 | D:8      | Reached ***** piety under Trog
  8581 | D:8      | Noticed a two-headed hydra
  8599 | D:8      | Killed a two-headed hydra
  8599 | D:8      | Reached XP level 11. HP: 72/124 MP: 11/11
  9097 | D:8      | Found a glowing silver altar of Zin.
  9192 | D:8      | Identified the amulet "Qaat" {Harm *Drain rElec rPois} (You took it off an orc priest on level 7 of the Dungeon)
  9205 | D:9      | Found a shattered altar of Ashenzari.
  9373 | D:9      | Reached skill level 5 in Armour
  9414 | D:9      | Found an ancient bone altar of Kikubaaqudgha.
  9588 | D:9      | Noticed a deep elf mage
  9596 | D:9      | Killed a deep elf mage
  9655 | D:9      | Noticed a deep elf mage
  9664 | D:9      | Killed a deep elf mage
  9943 | D:10     | Entered Level 10 of the Dungeon
 11050 | D:10     | Noticed a hill giant
 11065 | D:10     | Killed a hill giant
 11065 | D:10     | Reached skill level 10 in Dodging
 11446 | D:11     | Noticed a hill giant
 11458 | D:11     | Killed a hill giant
 11952 | D:11     | Noticed an eight-headed hydra
 11966 | D:11     | Killed an eight-headed hydra
 11966 | D:11     | Reached XP level 12. HP: 116/133 MP: 12/12
 12064 | D:11     | Found a radiant altar of Vehumet.
 12409 | D:11     | Noticed Erolcha
 12416 | D:11     | Killed Erolcha
 12456 | D:11     | Noticed a centaur warrior
 12475 | D:11     | Received a gift from Trog
 12484 | D:11     | Killed a centaur warrior
 12811 | D:11     | Found a staircase to the Lair.
 13008 | D:11     | Found Lotynoy's Distillery.
 13018 | D:11     | Bought a potion of mutation for 35 gold pieces
 13018 | D:11     | Bought a potion of lignification for 42 gold pieces
 13205 | Lair:1   | Entered Level 1 of the Lair of Beasts
 14130 | Lair:1   | Reached ****** piety under Trog
 14714 | Lair:2   | Found a staircase to the Snake Pit.
 14833 | Lair:2   | Reached XP level 13. HP: 115/141 MP: 13/13
 14836 | Lair:2   | Received a gift from Trog
 15207 | Lair:2   | Reached skill level 13 in Fighting
 16128 | D:12     | Received a gift from Trog
 16153 | D:12     | Found a staircase to the Orcish Mines.
 16777 | D:12     | Reached skill level 14 in Fighting
 17034 | D:12     | Got an ivory mace
 17035 | D:12     | Identified the +6 mace of Esiohuk {crush, *Contam rPois MR++ SInv} (You found it on level 12 of the Dungeon)
 17624 | Orc:1    | Entered Level 1 of the Orcish Mines
 17624 | Orc:1    | Noticed an orc warlord
 18145 | Lair:4   | Reached skill level 15 in Maces & Flails
 18146 | Lair:4   | Found a staircase to the Shoals.
 18198 | Lair:4   | Reached skill level 15 in Fighting
 18214 | Lair:4   | Received a gift from Trog
 18472 | Lair:4   | Reached skill level 1 in Throwing
 18939 | Lair:5   | Reached XP level 14. HP: 154/159 MP: 14/14
 19051 | Lair:5   | Reached skill level 5 in Throwing
 19921 | Lair:6   | Entered Level 6 of the Lair of Beasts
 20695 | Lair:6   | Received a gift from Trog
 21805 | Lair:6   | Reached skill level 10 in Throwing
 21973 | Lair:6   | Reached skill level 16 in Fighting
 22191 | Lair:6   | Found a viscous altar of Jiyva.
 22191 | Lair:6   | Found a staircase to the Slime Pits.
 22351 | Lair:6   | Reached XP level 15. HP: 171/171 MP: 15/15
 22756 | D:12     | Killed an orc warlord
 22814 | Orc:1    | Received a gift from Trog
 22819 | Orc:1    | Reached skill level 17 in Fighting
 23127 | Orc:1    | Reached skill level 1 in Evocations
 23142 | Orc:1    | Noticed Harold
 23345 | Orc:1    | Killed Harold
 23562 | Orc:2    | Entered Level 2 of the Orcish Mines
 23976 | Orc:2    | Found Plog's General Store.
 23984 | Orc:2    | Bought 2 scrolls of identify for 48 gold pieces
 23994 | Orc:2    | Found a staircase to the Elven Halls.
 24133 | Orc:2    | Received a gift from Trog
 24144 | Orc:2    | Found Boickaff's Book Shoppe.
 24201 | Orc:2    | Found an ancient bone altar of Kikubaaqudgha.
 24205 | Orc:2    | Found Ymup's Magic Scroll Emporium.
 24230 | Orc:2    | Received a gift from Trog
 24233 | Orc:2    | HP: 8/174 [orc wizard/puff of frost (4)]
 24234 | Orc:2    | Killed from afar by an orc sorcerer

Vault maps used:
D:1:      nagdon_arrival_double_spiral
D:2:      lemuel_coloured_pillars_altar, uniq_natasha
D:4:      okawaru_gym_becter, nicolae_gozag_zags_fifth_avenue, uniq_pikel,
          uniq_blork_the_orc
D:5:      xom_confusion_cloud, first_bread, st_stairs_4
D:6:      bloody_trog, basic_altar
D:7:      lemuel_crystal_altar, uniq_menkaure
D:8:      marbit_many_paths, lemuel_round_altar, lemuel_round_altar,
          hangedman_ranch, jmf_multi_god_temple
D:9:      cheibrodos_ashenzari_chains, kennysheep_mini, hangedman_minor_magic
D:11:     david_lair_generic, basic_altar, serial_shops,
          nicolae_shop_temple_entry_statues_fountains, uniq_erolcha
D:12:     minmay_orc_entry_guard_dogs
Lair:1:   st_stairs_6, nicolae_quartered_pool_medium, guppyfry_lair_drakes
Lair:2:   guppyfry_snake_entry_island, infiniplex_staircase_pool
Lair:3:   patterned_corridor
Lair:4:   elwin_shoals_entry_rocks, eino_small_chamber_without_monster, pond,
          grunt_megastairs_3
Lair:5:   dpeg_oklob_1, infiniplex_staircase_pool_2, lemuel_fruit_fields
Lair:6:   evilmike_catoblepas_cave, dpeg_slime_entry_enclosed_altar,
          serial_bayou_pond_c
Orc:1:    uniq_harold
Orc:2:    kennysheep_orc_mage_school, serial_shops, shop, guppyfry_library_mini

Skill      XL: |  1  2  3  4  5  6  7  8  9 10 11 12 13 14 15 |
---------------+----------------------------------------------+-----
Maces & Flails | 5 6 8 9 10 12 15 | 15.1
Fighting       | 5 6 8 9 10 12 15 16 17 | 17.0
Dodging        | 3 8 10 12 | 12.5
Armour         | 4 6 8 |  8.0
Throwing       | 4 10 | 10.1
Evocations     | 4 |  4.1

Action                   |  1- 3 |  4- 6 |  7- 9 | 10-12 | 13-15 || total
-------------------------+-------+-------+-------+-------+-------++-------
Melee: Mace              |    96 |   118 |       |       |       ||   214
       Flail             |       |    30 |   160 |   775 |   485 ||  1450
       Morningstar       |       |       |   123 |    17 |       ||   140
       Demon whip        |       |       |       |       |  1010 ||  1010
       Giant spiked club |       |       |       |       |     3 ||     3
Throw: Javelin           |       |       |       |     4 |       ||     4
Invok: Berserk           |       |     3 |     6 |     9 |     7 ||    25
       Trog's Hand       |       |     1 |       |       |       ||     1
       Burn Spellbooks   |       |       |       |     2 |       ||     2
       Brothers in Arms  |       |       |       |     1 |       ||     1
Evoke: Wand              |       |       |     2 |     4 |     1 ||     7
  Use: Scroll            |       |       |    10 |    12 |    16 ||    38
       Potion            |       |       |       |     1 |     2 ||     3
 Stab: Sleeping          |     1 |       |     1 |     1 |     4 ||     7
       Invisible         |       |       |       |       |    14 ||    14
       Petrified         |       |       |       |       |     4 ||     4
       Distracted        |       |       |       |       |     1 ||     1
  Eat: Chunk             |     1 |     8 |    20 |    25 |    31 ||    85
       Fruit             |       |       |     1 |    12 |    10 ||    23
       Beef jerky        |       |       |       |     1 |     1 ||     2
       Royal jelly       |       |       |       |       |     1 ||     1
Armor: Animal skin       |    29 |    40 |    67 |    22 |       ||   158
       Robe              |       |       |       |   124 |       ||   124
       Troll leather arm |       |       |       |    34 |   231 ||   265
Dodge: Dodged            |    61 |    67 |   132 |   535 |   966 ||  1761
